 Dungeon Crawl Stone Soup version 0.21-a0-504-g2eda33064f (webtiles) character file.

124070 Kaname the Destroyer (level 16, -20/117 HPs)
             Began as a Demonspawn Wizard on Nov 26, 2017.
             Was the Champion of Vehumet.
             Shot with a bolt by Vashnia (31 damage)
             ... on level 2 of the Snake Pit.
             The game lasted 03:38:54 (41565 turns).

Kaname the Destroyer (Demonspawn Wizard)           Turns: 41565, Time: 03:38:54

Health: -20/117    AC:  9    Str:  9    XL:     16   Next: 38%
Magic:  0/38       EV: 21    Int: 29    God:    Vehumet [******]
Gold:   799        SH:  0    Dex: 24    Spells: 0/33 levels left

rFire    . . .     SeeInvis .   M - +4 bardiche of Objectivity {drain, *Noise Int+4 Dex+7}
rCold    + . .     Gourm    .   (shield currently unavailable)
rNeg     . . .     Faith    .   t - +1 leather armour {rC+}
rPois    .         Spirit   +   b - +1 hat
rElec    .         Reflect  .   P - +0 cloak
rCorr    .         Harm     +   X - +0 pair of gloves
MR       ++...                  E - +0 pair of boots
Stlth    +++++.....             Z - amulet of harm
HPRegen  0.29/turn              I - ring of magical power
MPRegen  0.26/turn              m - ring of protection from magic

@: agile, lethally poisoned (-20 -> -21), studying 2 skills
A: talons 2, powered by pain 2, magic shield, sturdy frame 2
a: Renounce Religion


You were on level 2 of the Snake Pit.
You worshipped Vehumet.
Vehumet was exalted by your worship.
You were not hungry.

You visited 6 branches of the dungeon, and saw 26 of its levels.
You also visited: Sewer and Bailey.

You collected 2234 gold pieces.
You spent 1435 gold pieces at shops.

Inventory:

Hand Weapons
 F - a +2 short sword of venom
 M - the +4 bardiche of Objectivity (weapon) {drain, *Noise Int+4 Dex+7}
   (You found it in a bailey)

   A truly terrible weapon, it drains the life of those it strikes.
   It affects your intelligence (+4).
   It affects your dexterity (+7).
   It may make noises in combat.
Armour
 b - a +1 hat (worn)
 e - a +2 shield of protection
 t - a +1 leather armour of cold resistance (worn)
 E - a +0 pair of boots (worn)
 P - a +0 cloak (worn)
 X - a +0 pair of gloves (worn)
Jewellery
 m - a ring of protection from magic (right hand)
 q - an uncursed ring of stealth
 I - a ring of magical power (left hand)
 Q - an uncursed amulet of guardian spirit {unknown}
 Z - an amulet of harm (around neck)
Wands
 v - a wand of acid (4)
 w - a wand of clouds (5)
 y - a wand of scattershot (1)
 A - a wand of iceblast (15)
Scrolls
 i - 3 scrolls of enchant armour
 l - a scroll of blinking {unknown}
 r - 5 scrolls of magic mapping
 s - 2 scrolls of fog
 u - a scroll of fear
 x - 19 scrolls of remove curse
 C - 7 scrolls of teleportation
 D - a scroll of brand weapon
 H - 2 scrolls of enchant weapon
 O - 8 scrolls of vulnerability
 S - a scroll of amnesia
 U - a scroll of torment {unknown}
 V - 2 scrolls of immolation
 Y - a scroll of acquirement {unknown}
Potions
 g - a potion of berserk rage {unknown}
 h - 8 potions of might
 k - 11 potions of curing
 n - 5 potions of brilliance
 o - 4 potions of magic
 p - a potion of haste
 z - 4 potions of mutation
 J - 5 potions of flight
 K - 3 potions of resistance
 N - 2 potions of agility
 T - a potion of ambrosia {unknown}
 W - 2 potions of cancellation
Books
 j - a manual of Fighting
 G - a book of Enchantments

   Spells                             Type                      Level
   a - Cause Fear                     Hexes                        4
   b - Yara's Violent Unravelling     Hexes/Transmutation          5
   c - Silence                        Hexes/Air                    5
   d - Deflect Missiles               Charms/Air                   6
   e - Discord                        Hexes                        8
 L - a manual of Shields
 R - a book of Beasts

   Spells                             Type                      Level
   a - Summon Butterflies             Summoning                    1
   b - Call Canine Familiar           Summoning                    3
   c - Summon Ice Beast               Ice/Summoning                4
   d - Summon Mana Viper              Hexes/Summoning              5
   e - Summon Hydra                   Summoning                    7
Miscellaneous
 B - a crystal ball of energy
Comestibles
 a - 7 meat rations
 d - a bread ration
 f - 12 royal jellies


   Skills:
 - Level 8.1 Fighting
 - Level 10.0 Short Blades
 - Level 5.0 Armour
 - Level 5.1 Dodging
 - Level 8.1 Stealth
 - Level 9.0 Spellcasting
 - Level 12.0 Conjurations
 + Level 9.0 Hexes
 - Level 1.0 Summonings
 - Level 8.1 Necromancy
 - Level 3.1 Translocations
 - Level 8.0 Fire Magic
 - Level 8.0 Ice Magic
   Level 5.0 Air Magic
   Level 8.4 Poison Magic


You couldn't memorise any spells.
You knew the following spells:

 Your Spells              Type           Power        Failure   Level  Hunger
a - Bolt of Draining      Conj/Necr      ######....   1%          5    ####...
b - Blink                 Tloc           N/A          1%          2    None
c - Discord               Hex            ######....   100%        8    #######
d - Conjure Flame         Conj/Fire      ######..     1%          3    None
e - Ensorcelled Hibernat  Hex/Ice        ######       1%          2    None
f - Bolt of Cold          Conj/Ice       ######....   2%          6    #####..
g - Apportation           Tloc           ####..       1%          1    None
h - Fireball              Conj/Fire      ######....   1%          5    ####...
i - Summon Butterflies    Summ           ###.....     2%          1    None


Dungeon Overview and Level Annotations

Branches:
Dungeon (14/15)            Temple (1/1) D:5            Lair (6/6) D:8
 Shoals (0/4) Lair:2        Snake (2/4) Lair:4        Slime (0/5) Lair:5
    Orc (2/2) D:9             Elf (1/3) Orc:2        Vaults (0/5) D:14

Altars:
Ashenzari
Cheibriados
Dithmenos
Elyvilon
Gozag
Hepliaklqana
Makhleb
Okawaru
Ru
Sif Muna
Trog
Vehumet
Wu Jian
Xom
Yredelemnul
Zin
The Shining One
Beogh
Jiyva

Shops:
Orc:1 :   Orc:2 %:[*(

Annotations:
D:3 Grinder
Lair:4 exclusion: 2 oklob plants
Snake:2 Vashnia


Innate Abilities, Weirdness & Mutations

You have razor-sharp toenails.
You sometimes gain power by taking damage.
When hurt, damage is shared between your health and your magic reserves.
Your movements are less encumbered by armour. (ER -4)


Message History

Unknown command.
Evoke which item? (* to show all) (? for menu, Esc to quit)
Aiming: Corrosive Bolt
Press: ? - help, Shift-Dir - straight line, f/p - Vashnia
Aim: Vashnia, wielding an arbalest of velocity and wearing a shiny naga barding (almost dead, lightly drained)
The bolt of acid misses Vashnia.
You feel sick.
Vashnia shoots a bolt.
The bolt barely misses you.
Evoke which item? (* to show all) (? for menu, Esc to quit)
Aiming: Corrosive Bolt
Press: ? - help, Shift-Dir - straight line, f/p - Vashnia
Aim: Vashnia, wielding an arbalest of velocity and wearing a shiny naga barding (almost dead, lightly drained)
The bolt of acid misses Vashnia.
Vashnia spits poison at you. The splash of poison misses you.
Evoke which item? (* to show all) (? for menu, Esc to quit)
Aiming: Corrosive Bolt
Press: ? - help, Shift-Dir - straight line, f/p - Vashnia
Aim: Vashnia, wielding an arbalest of velocity and wearing a shiny naga barding (almost dead, catching her breath, lightly drained)
The bolt of acid misses Vashnia.
Vashnia shoots a bolt.
The bolt hits you!!
You die...

#.#### #.# ##...##..# ...
## ###..##(..# .N..
.#####...##.(..# . #....
...##...##..(..#
.###N...#
###....##...(.##.##.....#
......##.....##.##.....#
########.......##.)...#
### ##......###@....##
..## #......)##..()..#
...#####.....()(....##
....####....().....##
....(........)....##
.....#######.....##
#############...##
#######...>.(.###
....)........##


You could see Vashnia and a salamander.

Vanquished Creatures
  Saint Roka (Orc:2)
  Rupert (Lair:4)
  Kirke (Lair:4)
  A nagaraja (Snake:2)
  An orc warlord (Orc:1)
  Aizul (Snake:1)
  A dire elephant (Lair:6)
  Nessos (Lair:4)
  The ghost of Kaname the Destroyer, a journeyman DsVM of Vehumet (Lair:4)
  The ghost of bosakos the Cleaver, a journeyman MiBe of Trog (D:11)
  The ghost of Shaidar the Cleaver, a journeyman MiBe of Trog (Orc:2)
  Erolcha (D:10)
  Fannar (D:10)
  5 hydras
  4 vault guards (D:14)
  2 naga warriors (Snake:1)
  The ghost of brujo666 the Spry, a journeyman KoBe of Trog (Orc:2)
  A catoblepas (Lair:6)
  2 centaur warriors (D:14)
  3 anacondas
  7 two-headed ogres
  3 death yaks
  An orc high priest (Orc:2)
  2 tengu warriors
  7 naga sharpshooters
  A shock serpent (Snake:2)
  An unseen horror (D:12)
  2 naga ritualists
  3 orc knights (Orc:2)
  A wizard (D:13)
  A necromancer (D:14)
  An orb spider (shapeshifter) (D:13)
  2 mana vipers
  9 ugly things
  5 deep elf magi
  4 manticores
  2 salamanders (Snake:2)
  6 elephants (Lair:5)
  3 orc sorcerers (Orc:2)
  3 cyclopes
  19 black mambas
  An ice statue (Lair:6)
  7 naga magi
  Joseph (D:7)
  25 spiny frogs
  A gargoyle (D:14)
  7 komodo dragons
  An efreet (D:13)
  An ice devil (Lair:6)
  2 rime drakes (Lair:4)
  A tengu conjurer (D:14)
  4 polar bears
  A troll (shapeshifter) (D:14)
  6 trolls
  4 tyrant leeches
  A hornet (D:12)
  9 hippogriffs
  23 blink frogs
  6 dream sheep (Lair:5)
  A centaur simulacrum (D:14)
  2 wyverns (D:14)
  2 basilisks
  A shadow (D:13)
  A vampire (D:14)
  33 yaks
  A spriggan (D:10)
  A fire bat (shapeshifter) (D:13)
  Eustachio (D:4)
  7 hogs (Lair:4)
  4 hungry ghosts
  17 vampire mosquitoes
  Menkaure (D:7)
  9 nagas
  4 wargs (Orc:1)
  Duvessa (D:7)
  9 porcupines
  11 water moccasins
  38 orc warriors
  4 black bears
  6 ogres
  A phantom (D:9)
  6 ice beasts
  A necrophage (D:6)
  A sky beast (D:14)
  An eye of draining (D:14)
  26 centaurs
  23 wolves
  12 crocodiles
  23 bullfrogs
  A gnoll sergeant (D:4)
  A wyvern skeleton (D:13)
  A scorpion (D:10)
  Dowan (D:7)
  19 killer bees
  5 wights
  3 howler monkeys
  An electric eel (Lair:6)
  4 crimson imps
  A bullfrog zombie (D:8)
  5 centaur zombies
  24 orc priests
  3 jellies
  6 hounds
  2 bullfrog skeletons
  A centaur skeleton (D:7)
  Jessica (D:2)
  2 iguanas
  25 orc wizards
  7 worker ants
  A killer bee zombie (D:5)
  A hound zombie (D:11)
  A hound skeleton (D:4)
  A howler monkey skeleton (D:6)
  A worker ant zombie (D:7)
  16 adders
  3 gnolls (D:4)
  6 river rats (Sewer)
  3 shadow imps
  3 white imps (Lair:6)
  7 oozes
  An adder skeleton (D:4)
  8 worms
  5 dart slugs
  7 leopard geckos
  92 orcs
  13 ball pythons
  4 giant cockroaches
  7 goblins
  7 hobgoblins
  12 jackals
  9 kobolds
  3 quokkas
  7 bats
  13 frilled lizards
  A giant cockroach zombie (D:5)
  A jackal zombie (D:6)
  A quokka skeleton (D:4)
  25 rats
  8 plants (Lair:6)
843 creatures vanquished.

Vanquished Creatures (others)
  18 fungi
  39 plants
57 creatures vanquished.

Grand Total: 900 creatures vanquished

Notes
Turn   | Place    | Note
-------+----------+-------------------------------------------
     0 | D:1      | Kaname the Demonspawn Wizard began the quest for the Orb.
     0 | D:1      | Reached XP level 1. HP: 13/13 MP: 4/4
   159 | D:1      | Reached skill level 2 in Conjurations
   189 | D:1      | Gained mutation: Your movements are slightly less encumbered by armour. (ER -2) [demonic ancestry]
   189 | D:1      | Reached XP level 2. HP: 19/19 MP: 0/6
   251 | D:1      | Learned a level 2 spell: Blink
   811 | D:1      | Reached skill level 3 in Conjurations
  1078 | D:1      | Gained mutation: You sometimes gain a little power by taking damage. [demonic ancestry]
  1078 | D:1      | Reached XP level 3. HP: 24/24 MP: 5/7
  1261 | D:2      | Reached skill level 1 in Translocations
  1266 | D:2      | Learned a level 3 spell: Mephitic Cloud
  1392 | D:2      | Reached skill level 1 in Air Magic
  1460 | D:2      | Found a burning altar of Makhleb.
  1547 | D:2      | Found a snail-covered altar of Cheibriados.
  1658 | D:2      | Gained mutation: You sometimes gain power by taking damage. [demonic ancestry]
  1658 | D:2      | Reached XP level 4. HP: 29/30 MP: 5/8
  1674 | D:2      | Learned a level 3 spell: Conjure Flame
  1936 | D:2      | Reached skill level 1 in Poison Magic
  1950 | D:2      | Reached skill level 1 in Fire Magic
  2360 | D:2      | Found a bloodstained altar of Trog.
  2446 | D:3      | Noticed Jessica
  2456 | D:2      | Killed Jessica
  2456 | D:2      | Reached skill level 4 in Conjurations
  2488 | D:3      | Gained mutation: When hurt, damage is shared between your health and your magic reserves. [demonic ancestry]
  2488 | D:3      | Reached XP level 5. HP: 34/35 MP: 1/9
  2823 | D:3      | Found a glowing drain.
  2829 | Sewer    | Entered a sewer
  3157 | Sewer    | Reached skill level 5 in Conjurations
  3402 | Sewer    | Reached XP level 6. HP: 41/41 MP: 3/10
  4503 | D:3      | Found a shattered altar of Ashenzari.
  4657 | D:3      | Reached XP level 7. HP: 46/46 MP: 2/13
  4725 | D:3      | Noticed Grinder
  5521 | D:4      | Reached skill level 6 in Conjurations
  5763 | D:4      | Noticed Eustachio
  6059 | D:4      | Killed Eustachio
  6437 | D:5      | Entered Level 5 of the Dungeon
  6662 | D:5      | Reached skill level 7 in Conjurations
  7157 | D:5      | Found a staircase to the Ecumenical Temple.
  7166 | Temple   | Entered the Ecumenical Temple
  7181 | Temple   | Became a worshipper of Vehumet
  7307 | D:5      | Found an opulent altar of Gozag.
  7360 | D:5      | Reached XP level 8. HP: 36/52 MP: 0/14
  7520 | D:5      | Learned a level 2 spell: Ensorcelled Hibernation
  7857 | D:6      | Reached skill level 1 in Ice Magic
  8775 | D:7      | Found a glowing silver altar of Zin.
  8793 | D:7      | Reached skill level 8 in Conjurations
  8983 | D:7      | Found a shimmering altar of Xom.
  9038 | D:7      | Found a sacrificial altar of Ru.
  9375 | D:7      | Reached XP level 9. HP: 46/57 MP: 8/15
  9390 | D:7      | Noticed Joseph
  9625 | D:7      | Reached * piety under Vehumet
  9625 | D:7      | Offered knowledge of Sting by Vehumet.
  9625 | D:7      | Reached skill level 1 in Fighting
  9742 | D:7      | Killed Joseph
 10383 | D:7      | Found a shimmering altar of Xom.
 10386 | D:7      | Found a deep blue altar of Sif Muna.
 10896 | D:7      | Found a white marble altar of Elyvilon.
 10923 | D:7      | Noticed Dowan
 10925 | D:7      | Noticed Duvessa
 10932 | D:7      | Killed Dowan
 10951 | D:7      | Killed Duvessa
 10951 | D:7      | Reached skill level 5 in Fighting
 10970 | D:7      | Noticed Menkaure
 11140 | D:7      | Found a basalt altar of Yredelemnul.
 11197 | D:7      | Killed Menkaure
 11359 | D:8      | Found a flagged portal.
 11442 | D:8      | Reached skill level 5 in Spellcasting
 11528 | D:8      | Reached skill level 1 in Short Blades
 11698 | D:8      | Found a staircase to the Lair.
 11733 | D:8      | Gained mutation: You have sharp toenails. [demonic ancestry]
 11733 | D:8      | Reached XP level 10. HP: 70/74 MP: 15/17
 11756 | Bailey   | Entered a bailey
 12342 | Bailey   | Reached skill level 5 in Short Blades
 12681 | Bailey   | Offered knowledge of Freeze by Vehumet.
 12704 | Bailey   | Reached ** piety under Vehumet
 13137 | Bailey   | Got a faintly glowing bardiche
 13138 | Bailey   | Identified the +4 bardiche of Objectivity {drain, *Noise Int+4 Dex+7} (You found it in a bailey)
 13305 | D:8      | Reached skill level 5 in Stealth
 13647 | D:8      | Offered knowledge of Throw Frost by Vehumet.
 14033 | D:9      | Learned a level 2 spell: Throw Frost
 14093 | D:9      | Reached skill level 9 in Conjurations
 14093 | D:9      | Reached skill level 5 in Hexes
 14093 | D:9      | Reached skill level 5 in Necromancy
 14093 | D:9      | Reached XP level 11. HP: 80/80 MP: 18/18
 14097 | D:9      | Found a hazy altar of Hepliaklqana.
 14201 | D:9      | Reached skill level 5 in Poison Magic
 14438 | D:9      | Found a staircase to the Orcish Mines.
 14765 | D:9      | Reached *** piety under Vehumet
 14886 | D:10     | Entered Level 10 of the Dungeon
 15212 | D:10     | Noticed Erolcha
 15221 | D:10     | Killed Erolcha
 15334 | D:10     | Noticed Fannar
 15448 | D:10     | Reached XP level 12. HP: 83/86 MP: 19/19
 15537 | D:10     | Reached skill level 5 in Fire Magic
 15552 | D:10     | Found a shimmering altar of Xom.
 16812 | D:10     | Killed Fannar
 16863 | D:10     | Found a shimmering altar of Xom.
 17399 | D:11     | Reached skill level 5 in Ice Magic
 17455 | D:11     | Reached skill level 5 in Air Magic
 17569 | D:11     | Noticed bosakos's ghost (journeyman MiBe)
 17617 | D:11     | Offered knowledge of Force Lance by Vehumet.
 17868 | D:11     | Reached skill level 10 in Conjurations
 19023 | Lair:1   | Entered Level 1 of the Lair of Beasts
 19262 | Lair:1   | Reached **** piety under Vehumet
 20150 | Lair:2   | Found a staircase to the Shoals.
 21522 | Lair:3   | Noticed an eight-headed hydra
 21601 | Lair:3   | Killed an eight-headed hydra
 21601 | Lair:3   | Offered knowledge of Sticky Flame by Vehumet.
 21601 | Lair:3   | Reached XP level 13. HP: 98/98 MP: 22/22
 21608 | Lair:3   | Learned a level 4 spell: Sticky Flame
 22577 | Lair:4   | Noticed Rupert
 23067 | Lair:4   | Noticed Nessos
 23080 | Lair:4   | Noticed Kaname's ghost (journeyman DsVM)
 23337 | Lair:4   | Paralysed by Rupert for 7 turns
 23792 | Lair:4   | Learned a level 5 spell: Venom Bolt
 23889 | Lair:4   | Found a staircase to the Snake Pit.
 23932 | Lair:4   | Noticed Kirke
 24002 | Lair:4   | Killed Nessos
 25675 | Orc:1    | Entered Level 1 of the Orcish Mines
 25736 | Orc:1    | Found a shimmering altar of Xom.
 25741 | Orc:1    | Reached ***** piety under Vehumet
 25761 | Orc:1    | Offered knowledge of Bolt of Magma by Vehumet.
 25942 | Orc:1    | Found Irghuaq's Book Shop.
 25950 | Orc:1    | Bought a book of Fire for 650 gold pieces
 26389 | Orc:2    | Entered Level 2 of the Orcish Mines
 26503 | Orc:2    | Noticed Shaidar's ghost (journeyman MiBe)
 26619 | Orc:2    | Noticed an orc warlord
 26646 | Orc:1    | Killed an orc warlord
 27176 | Orc:2    | Learned a level 5 spell: Fireball
 27299 | Orc:2    | Noticed Saint Roka
 27417 | Orc:2    | Found Meewn's Food Shoppe.
 27444 | Orc:2    | Found a staircase to the Elven Halls.
 28748 | Orc:1    | Bought a book of Death for 700 gold pieces
 29195 | Lair:4   | Noticed a sphinx
 29195 | Lair:4   | Killed Kirke
 29195 | Lair:4   | Gained mutation: You have razor-sharp toenails. [demonic ancestry]
 29195 | Lair:4   | Reached XP level 14. HP: 105/105 MP: 5/25
 29280 | Lair:4   | Paralysed by Rupert for 6 turns
 29289 | Lair:4   | Killed Rupert
 29305 | Lair:4   | Learned a level 5 spell: Bolt of Draining
 29473 | Lair:4   | Killed Kaname's ghost
 31090 | Lair:5   | Found a viscous altar of Jiyva.
 31091 | Lair:5   | Found a staircase to the Slime Pits.
 31261 | Lair:6   | Entered Level 6 of the Lair of Beasts
 31270 | Lair:6   | Offered knowledge of Iskenderun's Mystic Blast by Vehumet.
 32304 | Lair:6   | Reached skill level 11 in Conjurations
 32947 | Lair:6   | Reached skill level 12 in Conjurations
 33914 | D:11     | Killed bosakos's ghost
 33956 | D:12     | Reached XP level 15. HP: 73/110 MP: 25/27
 34160 | D:13     | Reached skill level 1 in Armour
 34184 | D:13     | Offered knowledge of Bolt of Cold by Vehumet.
 34823 | D:13     | Learned a level 6 spell: Bolt of Cold
 35150 | D:14     | Reached skill level 5 in Armour
 35319 | D:14     | Reached skill level 5 in Dodging
 36675 | D:14     | Found a gate to the Vaults.
 37076 | D:14     | Learned a level 1 spell: Apportation
 37078 | D:14     | Learned a level 1 spell: Summon Butterflies
 37387 | Orc:2    | Killed Saint Roka
 37531 | Orc:2    | Found a roughly hewn altar of Beogh.
 37776 | Orc:2    | Found Zosing's Antique Weapon Emporium.
 37789 | Orc:2    | Found Hywid's Antique Armour Emporium.
 37928 | Orc:2    | Noticed brujo666's ghost (journeyman KoBe)
 38040 | Orc:2    | Found Myrrurew's Book Emporium.
 38042 | Orc:2    | Killed brujo666's ghost
 38080 | Orc:2    | Found Reifuukk's General Store.
 38087 | Orc:2    | Bought a potion of heal wounds for 85 gold pieces
 38139 | Orc:2    | Killed Shaidar's ghost
 38204 | Elf:1    | Entered Level 1 of the Elven Halls
 38441 | Snake:1  | Entered Level 1 of the Snake Pit
 38667 | Snake:1  | Gained mutation: Your movements are less encumbered by armour. (ER -4) [demonic ancestry]
 38667 | Snake:1  | Reached XP level 16. HP: 54/117 MP: 8/28
 39070 | Snake:1  | Reached skill level 10 in Short Blades
 39165 | Snake:1  | Noticed Aizul
 39177 | Snake:1  | Killed Aizul
 39821 | Snake:1  | Learned a level 8 spell: Discord
 40709 | Snake:2  | Reached ****** piety under Vehumet
 41252 | Snake:2  | Noticed Vashnia
 41565 | Snake:2  | Shot with a bolt by Vashnia

Vault maps used:
D:1:      co_arrival_square_in_a_square_in_a_square
D:2:      lemuel_doored_altar, kennysheep_slug_shrine, lightli_temple_of_fire
D:3:      nicolae_ashenzari_panopticon, gup_sewer_entry_bowl,
          hangedman_feature_mirror, uniq_grinder, uniq_jessica
D:4:      lightli_minifort, uniq_eustachio
D:5:      overflow_temple_1_default, lemuel_temple_firewalk_b, first_bread,
          serial_glass, glass_columns_c, glass_columns_a, feat_on_display,
          minmay_strange_pillars, minmay_misc_feat_cross
D:6:      st_stairs_13
D:7:      kennysheep_ying_yang, kennysheep_mini, grunt_temple_overflow_open,
          basic_altar, hangedman_decor_push, uniq_menkaure, uniq_duvessa,
          uniq_joseph
D:8:      minmay_lair_entry_grove, enter_bailey_2
D:9:      old_standard_altar, orc_0_dummy
D:10:     the_bakery, xom_teletrap_fun, uniq_erolcha, uniq_fannar
D:11:     dk_noncrumbling_4
D:13:     serial_glass, glass_columns_b, glass_columns_b, kb_rosetta
D:14:     lightli_vaults_fourway_checkpoint, hangedman_abyss_or_decor_stabs,
          abandoned_shop, minmay_hollow_rounded_squares
Temple:   zaba_magenta_temple
Lair:2:   elwin_shoals_entry_rocks, serial_bayou_shore_a
Lair:3:   grunt_forest_stairs_basic
Lair:4:   minmay_snake_entry_guardpost_large, minmay_lair_oklob_chamber,
          lemuel_fruit_fields, uniq_nessos, uniq_rupert, uniq_kirke
Lair:5:   dpeg_slime_entry_enclosed_altar
Lair:6:   minmay_lair_end_frog_pond, portal_ice_cave_entry_pillars_2,
          ice2_lemuel
Snake:1:  uniq_aizul
Snake:2:  basic_altar, grunt_ministairs_7, uniq_vashnia
Orc:1:    basic_altar, serial_shops, shop
Orc:2:    grunt_orc_cross, serial_shops, shop_statue
Elf:1:    minmay_elf_arrival_circle, minmay_elf_crystal_heptagon
Sewer:    sewer_minmay_w
Bailey:   bailey_polearm_flooded_kennysheep, bailey

Skill      XL: |  1  2  3  4  5  6  7  8  9 10 11 12 13 14 15 16 |
---------------+-------------------------------------------------+-----
Conjurations   | 2 3 4 5 7 8 9 10 12 | 12.0
Translocations | 1 3 |  3.1
Air Magic      | 1 2 3 4 5 |  5.0
Poison Magic   | 1 2 3 4 5 8 |  8.4
Fire Magic     | 1 2 4 5 6 8 |  8.0
Spellcasting   | 4 5 6 7 8 9 |  9.0
Ice Magic      | 3 5 8 |  8.0
Hexes          | 3 5 6 9 |  9.0
Fighting       | 5 8 |  8.1
Short Blades   | 4 5 6 8 9 10 | 10.0
Stealth        | 6 7 8 |  8.1
Necromancy     | 5 8 |  8.1
Dodging        | 4 5 |  5.1
Armour         | 5 |  5.0
Summonings     | |  1.0

Action                   |  1- 3 |  4- 6 |  7- 9 | 10-12 | 13-15 | 16-18 || total
-------------------------+-------+-------+-------+-------+-------+-------++-------
Melee: Unarmed           |     4 |       |       |       |       |       ||     4
       Dagger            |    27 |   174 |   135 |       |       |       ||   336
       Short sword       |       |       |    88 |    58 |       |       ||   146
       Bardiche          |       |       |       |   364 |   362 |    13 ||   739
 Fire: Shortbow          |       |       |    86 |       |       |       ||    86
 Cast: Magic Dart        |    82 |   216 |   291 |   111 |       |       ||   700
       Conjure Flame     |       |     1 |     9 |    36 |    17 |       ||    63
       Mephitic Cloud    |       |     4 |    23 |    43 |     4 |       ||    74
       Blink             |       |       |     6 |    12 |    25 |       ||    43
       Throw Frost       |       |       |       |   151 |   101 |       ||   252
       Venom Bolt        |       |       |       |       |    80 |       ||    80
       Sticky Flame      |       |       |       |       |    10 |       ||    10
       Fireball          |       |       |       |       |   151 |    23 ||   174
       Bolt of Draining  |       |       |       |       |   152 |    63 ||   215
       Bolt of Cold      |       |       |       |       |    12 |       ||    12
Evoke: Wand              |       |       |       |     5 |     6 |     4 ||    15
  Use: Scroll            |       |     5 |    11 |     7 |    19 |     2 ||    44
       Potion            |       |       |     2 |     4 |     9 |     3 ||    18
 Stab: Sleeping          |     1 |       |     2 |     4 |     1 |       ||     8
       Confused          |       |       |     8 |    14 |     1 |       ||    23
       Distracted        |       |       |       |     1 |     1 |       ||     2
       Invisible         |       |       |       |       |     1 |       ||     1
  Eat: Chunk             |     6 |    17 |    21 |    35 |    68 |     2 ||   149
       Fruit             |       |       |       |       |     9 |       ||     9
       Bread ration      |       |       |       |       |    12 |     4 ||    16
Armor: Robe              |     5 |    72 |    18 |       |       |       ||    95
       Leather armour    |       |       |    52 |   103 |   201 |     8 ||   364
Dodge: Dodged            |    26 |   134 |   174 |   245 |   418 |    35 ||  1032

Table legend:
 A = Spawn XP
 B = Non-spawn XP
 C = Spawn XP percentage of total XP
 D = Spawn monster count
 E = Non-spawn monster count
 F = Spawn count percentage of total count
 G = Total turns spent on level
                    A         B        C        D         E        F      G
               +---------+---------+-------+---------+---------+-------+---------
         Total |       0 |  167617 |   0.0 |       0 |     835 |   0.0 | 41565
               +---------+---------+-------+---------+---------+-------+---------
           D:1 |       0 |      41 |   0.0 |       0 |      27 |   0.0 |  1196
           D:2 |       0 |     154 |   0.0 |       0 |      25 |   0.0 |  1319
           D:3 |       0 |     263 |   0.0 |       0 |      34 |   0.0 |  1079
           D:4 |       0 |     439 |   0.0 |       0 |      25 |   0.0 |  1555
           D:5 |       0 |     212 |   0.0 |       0 |       8 |   0.0 |  1039
           D:6 |       0 |     713 |   0.0 |       0 |      20 |   0.0 |  1441
           D:7 |       0 |    2325 |   0.0 |       0 |      35 |   0.0 |  2340
           D:8 |       0 |    4191 |   0.0 |       0 |      35 |   0.0 |  1300
           D:9 |       0 |     969 |   0.0 |       0 |      24 |   0.0 |  1470
          D:10 |       0 |    3970 |   0.0 |       0 |      27 |   0.0 |  2393
          D:11 |       0 |    8397 |   0.0 |       0 |      47 |   0.0 |  1883
          D:12 |       0 |    4125 |   0.0 |       0 |      16 |   0.0 |  1097
          D:13 |       0 |   12370 |   0.0 |       0 |      45 |   0.0 |  1481
          D:14 |       0 |   22515 |   0.0 |       0 |      56 |   0.0 |  1771
        Lair:1 |       0 |    2521 |   0.0 |       0 |      12 |   0.0 |  1066
        Lair:2 |       0 |     262 |   0.0 |       0 |       1 |   0.0 |  1073
        Lair:3 |       0 |    5021 |   0.0 |       0 |      20 |   0.0 |  1620
        Lair:4 |       0 |   14245 |   0.0 |       0 |      40 |   0.0 |  3487
        Lair:5 |       0 |   15276 |   0.0 |       0 |      46 |   0.0 |  2025
        Lair:6 |       0 |   19106 |   0.0 |       0 |      64 |   0.0 |  1489
       Snake:1 |       0 |   12003 |   0.0 |       0 |      18 |   0.0 |  1746
       Snake:2 |       0 |   16660 |   0.0 |       0 |      28 |   0.0 |  1378
         Orc:1 |       0 |    3638 |   0.0 |       0 |      29 |   0.0 |  1600
         Orc:2 |       0 |   14499 |   0.0 |       0 |      64 |   0.0 |  1878
         Elf:1 |       0 |    1139 |   0.0 |       0 |       2 |   0.0 |     5
         Sewer |       0 |     342 |   0.0 |       0 |      48 |   0.0 |  1327
        Bailey |       0 |    2221 |   0.0 |       0 |      39 |   0.0 |  1478
               +---------+---------+-------+---------+---------+-------+---------
